 Dungeon Crawl Stone Soup version 0.26-a0-651-gb41185065b (webtiles) character file.

Game seed: 14901590951838922358

9 Azzok the Digger (level 2, 19/19 HPs)
             Began as a Demonspawn Earth Elementalist on Oct 18, 2020.
             Quit the game on level 1 of the Dungeon.
             The game lasted 00:00:39 (268 turns).

Azzok the Digger (Demonspawn Earth Elementalist)     Turns: 268, Time: 00:00:39

Health: 19/19      AC:  2    Str:  8    XL:     2   Next: 6%
Magic:  2/5        EV: 12    Int: 16    God:
Gold:   29         SH:  0    Dex: 13    Spells: 4/5 levels left

rFire    . . .     SeeInvis .   (no weapon)
rCold    . . .     Faith    .   (no shield)
rNeg     . . .     Spirit   .   c - +0 robe
rPois    .         Reflect  .   (no helmet)
rElec    .         Harm     .   (no cloak)
rCorr    .         Rampage  .   (no gloves)
MR       .....                  (no boots)
Stlth    ++........             (no amulet)
HPRegen  0.06/turn              (no ring)
MPRegen  0.09/turn              (no ring)

@: no status effects
A: spiny 1
a: no special abilities


You were on level 1 of the Dungeon.
You visited 1 branch of the dungeon, and saw 1 of its levels.

You collected 29 gold pieces.

Inventory:

Missiles
 b - 48 stones (quivered)
Armour
 c - a +0 robe (worn)
Scrolls
 d - a scroll of immolation {unknown}
 f - a scroll of identify {unknown}
Potions
 a - a potion of ambrosia {unknown}
 e - a potion of flight {unknown}


   Skills:
 - Level 1.7 Dodging
 - Level 1.7 Stealth
 - Level 2.0 Spellcasting
   Level 0.8 Transmutations
 + Level 3.3 Earth Magic


You had 4 spell levels left.
You knew the following spells:

 Your Spells              Type           Power        Failure   Level
a - Sandblast             Erth           ##....       5%          1

Your spell library contained the following spells:

 Spells                   Type           Power        Failure   Level
 Passwall                 Tmut/Erth      #.......     14%         2
 Stone Arrow              Conj/Erth      #.....       32%         3
 Petrify                  Tmut/Erth      #.......     65%         4
 Lee's Rapid Deconstruct  Erth           ##........   83%         5


Dungeon Overview and Level Annotations

Branches:
Dungeon (1/15)

Altars:
The Shining One


Innate Abilities, Weirdness & Mutations

You are partially covered in sharp spines.


Message History

Press: ? - help, Shift-Dir - straight line, f - hobgoblin
Aim: a hobgoblin The blast of sand hits the hobgoblin!
You kill the hobgoblin!
You have reached level 2!
Your demonic ancestry asserts itself...
Sharp spines emerge from parts of your body.
b - 49 stones
Casting: Sandblast (safe; 5% risk of failure)
Confirm with . or Enter, or press ? or * to list all spells.
Aiming: Sandblast (safe; 5% risk of failure)
Press: ? - help, Shift-Dir - straight line, f - goblin
Aim: a goblin, wielding a -1 club The blast of sand hits the goblin.
You kill the goblin!
b - 48 stones
Casting: Sandblast (safe; 5% risk of failure)
Confirm with . or Enter, or press ? or * to list all spells.
You can't see any susceptible monsters within range! (Use Z to cast anyway.) Are you sure you want to abandon this character and quit the game? (Confirm with "yes".)

····$·· ▒·· ······· ▒··
····$·· ▒·· ·······▒▒▒
▒·· ·(·······▒▒▒▒▒ ▒▒▒··
▒·▒▒▒·······▒▒▒▒▒▒▒▒····
▒▒·▒▒▒▒·)···········
▒·▒▒···▒▒▒▒▒▒▒▒▒·▒▒·▒▒
▒?···@·····▒ ▒▒▒▒·▒
▒·····)····▒ ▒·▒
▒··········▒ ▒·▒
▒▒··▒▒▒·····▒ ▒·▒ ▒▒·
▒▒▒▒·· ▒·▒ ▒▒ ▒ ·▒


There were no monsters in sight!

Vanquished Creatures
  A goblin (D:1)
  4 hobgoblins (D:1)
  2 kobolds (D:1)
  A frilled lizard (D:1)
8 creatures vanquished.

Notes
Turn   | Place    | Note
-------+----------+-------------------------------------------
     0 | D:1      | Azzok the Demonspawn Earth Elementalist began the quest for
                  | the Orb.
     0 | D:1      | Reached XP level 1. HP: 13/13 MP: 3/3
   125 | D:1      | Found a glowing golden altar of the Shining One.
   141 | D:1      | Reached skill level 3 in Earth Magic
   265 | D:1      | Gained mutation: You are partially covered in sharp spines.
                  | [demonic ancestry]
   265 | D:1      | Reached XP level 2. HP: 19/19 MP: 3/5
   268 | D:1      | Quit the game

Illustrated notes

Levels and vault maps discovered:
D:1:      dpeg_arrival_short_road, layout_rooms, tso_metal_star

Skill      XL: |  1 |
---------------+----+-----
Earth Magic    | 3 |  3.3
Dodging        | |  1.7
Stealth        | |  1.7
Spellcasting   | |  2.0
Transmutations | |  0.8

Action                   || total
-------------------------++-------
 Cast: Sandblast         ||     8

Table legend: (Time is in decaauts)
 A = Elapsed time spent in this place.
 B = Non-inter-level travel time spent in this place.
 C = Inter-level travel time spent in this place.
 D = Time resting spent in this place.
 E = Time spent auto-exploring this place.
 F = Levels seen in this place.
 G = Mean time per level.
                   A        B        C        D        E       F      G
               +--------+--------+--------+--------+--------+-----+--------+
         Total |    268 |    268 |      0 |     48 |    177 |   1 |  268.0 |
       Dungeon |    268 |    268 |      0 |     48 |    177 |   1 |  268.0 |
               +--------+--------+--------+--------+--------+-----+--------+

Top non-repeatable levels by time:
     D:1: 268 daAuts
